 Dungeon Sprint DCSS version 0.17-a0-1760-ga6756ae (webtiles) character file.

147 KambridgeKobold the Thaumaturge (level 5, -12/28 HPs)
             Began as a Deep Elf Summoner on Sept 3, 2015.
             Mangled by a slime creature (19 damage)
             ... in the Dungeon (Sprint I: "Red Sonja").
             The game lasted 00:02:42 (439 turns).

KambridgeKobold the Thaumaturge (Deep Elf Summoner)  Turns: 439, Time: 00:02:43

Health: -12/28     AC:  2    Str:  6    XL:     5   Next: 7%
Magic:  14/19      EV: 13    Int: 20    God:
Gold:   261        SH:  0    Dex: 15    Spells: 2 memorised, 20 levels left

rFire  . . .     SeeInvis .     m - +1 scythe (pain)
rCold  . . .     Clarity  .     a - +0 robe
rNeg   . . .     SustAt   .     (no shield)
rPois  .         Gourm    .     (no helmet)
rElec  .         Spirit   .     (no cloak)
rCorr  .         Warding  .     (no gloves)
rMut   .         NoTele   +     (no boots)
MR     .....                    (no amulet)
Stlth  ++........               (no ring)
                                (no ring)

@: not resistant to hostile enchantments, unstealthy
A: no striking features
a: no special abilities


You were in the Dungeon.
You were not hungry.

You visited 1 branch You collected 261 gold pieces.

Inventory:

Hand weapons
 j - a +0 dagger
 l - a +0 giant spiked club
 m - a +1 scythe of pain (weapon)
Armour
 a - a +0 robe (worn)
 n - a +0 robe
Scrolls
 i - a scroll of blinking
Potions
 d - a potion of curing
 e - a potion of heal wounds
 f - a potion of haste
 g - 2 potions of magic
 h - a potion of berserk rage
Books
 b - a book of Callings

   Spells                             Type                      Level
   a - Summon Small Mammal            Summoning                    1
   b - Call Imp                       Summoning                    2
   c - Call Canine Familiar           Summoning                    3
   d - Summon Guardian Golem          Hexes/Summoning              3
   e - Summon Lightning Spire         Summoning/Air                4
   f - Summon Ice Beast               Ice/Summoning                4
Comestibles
 c - a bread ration
 k - 4 chunks of flesh


   Skills:
 - Level 2.4 Dodging
 - Level 2.4 Stealth
 + Level 9.8 Spellcasting
 + Level 9.1 Summonings


You had 20 spell levels left.
You knew the following spells:

 Your Spells              Type           Power        Failure   Level  Hunger
a - Summon Small Mammal   Summ           ####         1%          1    None
b - Call Imp              Summ           #####...     1%          2    None


Dungeon Overview and Level Annotations

Branches:
Dungeon (1/1)

Altars:
Fedhas
Sif Muna
Vehumet
Jiyva


Message History

Your iron imp barely misses the slime creature.
The slime creature hits you.
* * * LOW HITPOINT WARNING * * *
Your iron imp hits the slime creature!
The slime creature hits you.
* * * LOW HITPOINT WARNING * * *
Your crimson imp barely misses the slime creature.
You see here 27 gold pieces.
You now have 261 gold pieces (gained 27).
Your iron imp completely misses the slime creature.
The slime creature misses you.
Your crimson imp barely misses the slime creature.
You swap places.
Your iron imp hits the slime creature!
The slime creature misses you.
You see here 27 gold pieces.
Casting: Call Imp
Confirm with . or Enter, or press ? or * to list all spells.
A beastly little devil appears in a puff of frigid air.
The slime creature hits you!!
Ouch! That really hurt!
You die...

###################
#<.#..'..#..'..#__#
#..'..#..'..#..J..+
#..#####'#####'#
#..# #..#@55#J#
#..# ####5J##.#
#..# ##'#..+ #⌠⌠#
+..._# #### #_.#+#
##+#


You could see a slime creature, a friendly iron imp, a friendly crimson imp and
a friendly white imp.

Vanquished Creatures (collateral kills)
  Sigmund (D)
  An ogre (D)
  A jelly (D)
  Ijyb (D)
4 creatures vanquished.

Vanquished Creatures (others)
  A gargoyle (D)
1 creature vanquished.

Grand Total: 5 creatures vanquished

Notes
Turn   | Place    | Note
--------------------------------------------------------------
     0 | D        | KambridgeKobold the Deep Elf Summoner began the quest for the Orb.
     0 | D        | Reached XP level 1. HP: 10/10 MP: 6/6
     1 | D        | Noticed Ijyb
    27 | D        | Killed Ijyb
    27 | D        | Reached skill level 5 in Spellcasting
    27 | D        | Reached skill level 5 in Summonings
    27 | D        | Reached XP level 2. HP: 4/15 MP: 2/10
   248 | D        | Learned a level 2 spell: Call Imp
   248 | D        | Noticed an ogre
   259 | D        | Killed an ogre
   259 | D        | Reached skill level 7 in Spellcasting
   259 | D        | Reached XP level 3. HP: 19/19 MP: 4/13
   327 | D        | Noticed Sigmund
   342 | D        | Killed Sigmund
   342 | D        | Reached skill level 9 in Spellcasting
   342 | D        | Reached XP level 4. HP: 22/24 MP: 8/17
   354 | D        | Killed a gargoyle
   411 | D        | Found a deep blue altar of Sif Muna.
   412 | D        | Noticed a jelly
   412 | D        | Found a viscous altar of Jiyva.
   412 | D        | Found a blossoming altar of Fedhas.
   413 | D        | Noticed a slime creature
   413 | D        | Found a radiant altar of Vehumet.
   420 | D        | Killed a jelly
   420 | D        | Reached XP level 5. HP: 14/28 MP: 19/19
   439 | D        | Mangled by a slime creature

Vault maps used:
D:        dungeon_sprint_1

Action                   |  1- 3 |  4- 6 || total
-------------------------+-------+-------++-------
Melee: Unarmed           |     2 |       ||     2
 Cast: Summon Small Mamm |     7 |       ||     7
       Call Imp          |     6 |     3 ||     9
